Rimouski Oceanic vs Worcester Sharks

Created - 5 janvier 2021 at 15:13

Goals
1 2 3 OT1 T
Rimouski Oceanic 0 1 4 0 5
Worcester Sharks 1 2 2 1 6
Shots
1 2 3 OT1 T
Rimouski Oceanic 13 3 15 0 31
Worcester Sharks 9 15 17 2 43

1st period

1. Worcester Sharks , Carsen Twarynski 4 (Brian Gibbons 7, Joseph Veleno 11) at 3:34

Penalties :
Connor Carrick (OCE) for Interference (Minor) at 0:16

2nd period

2. Worcester Sharks , Travis Boyd 14 (Andy Miele 13) at 0:04
3. Worcester Sharks , Andy Miele 16 (Remi Elie 7) at 15:30
4. Rimouski Oceanic , Blake Pietila 11 (Connor Carrick 3, Joakim Nygard 13) at 16:36

Penalties :
Mark Alt (OCE) for Holding Stick (Minor) at 2:14, Joakim Nygard (OCE) for Hooking (Minor) at 7:01, Chris Stewart (OCE) for Hooking (Minor) at 11:30, Andy Miele (SRK) for Hooking (Minor) at 16:47

3rd period

5. Rimouski Oceanic , Brendan Leipsic 12 (Connor Clifton 10) at 4:39
6. Worcester Sharks , Joseph Veleno 6 (Kristians Rubins 7) at 6:57
7. Rimouski Oceanic , Cam Darcy 5 (Taylor Fedun 12) at 8:00
8. Rimouski Oceanic , Brendan Leipsic 13 (Joakim Nygard 14) at 9:34 (PP)
9. Rimouski Oceanic , Cam Darcy 6 (Reid Duke 7) at 16:41
10. Worcester Sharks , Travis Boyd 15 (Nikita Jevpalovs 2, Brett Kulak 10) at 19:07

Penalties :
Nikita Jevpalovs (SRK) for Fighting (Major) at 5:26, Deven Sideroff (OCE) for Fighting (Major) at 5:26, Andy Miele (SRK) for Goalie Interference (Minor) at 9:27, Nikita Jevpalovs (SRK) for High sticking (Minor) at 13:54

Overtime #1

11. Worcester Sharks , Travis Boyd 16 (Brandon Pirri 5) at 3:49

Penalties :
No Penalty

Goalie Stats

Matt Tomkins (OCE), 37 saves from 43 shots - (0,860), OTL, 6-8-3, 63:49 minutes
Ivan Prosvetov (SRK), 26 saves from 31 shots - (0,839), W, 4-9-1, 63:43 minutes

Players Stats for Rimouski Oceanic

Player Name              G  A  P  +/- PIM S  H  SB GA TA FO     MP     PP MP  PK MP  
------------------------------------------------------------------------------------
Beau Starrett            0  0  0   0  0   0  1  0  0  0  0/0     6:39   0:00   0:00 
Blake Pietila            1  0  1  -1  0   4  1  1  0  0  4/5    20:50   2:06   2:13 
Brendan Leipsic          2  0  2  -2  0   4  2  0  0  1  12/24  23:25   2:11   4:06 
Cam Darcy                2  0  2   0  0   4  1  0  0  0  7/11   14:04   0:15   0:49 
Chris Stewart            0  0  0   0  2   3  1  1  1  1  0/0    14:48   1:44   0:00 
Connor Carrick           0  1  1   0  2   3  4  4  1  0  0/0    25:38   2:06   3:07 
Connor Clifton           0  1  1  -4  0   0  1  1  0  1  0/0    24:07   1:59   3:35 
Derek Barach             0  0  0   0  0   1  1  0  0  0  0/0    14:24   1:44   0:00 
Deven Sideroff           0  0  0   0  5   0  0  1  0  0  0/0    10:15   0:00   0:00 
Joakim Nygard            0  2  2  -2  2   2  5  3  2  1  2/5    23:28   2:06   3:00 
Kyle Wood                0  0  0  -4  0   0  3  4  0  1  0/0    24:29   1:59   3:35 
Luke Philp               0  0  0   0  0   1  2  2  1  1  5/12   17:49   1:44   2:21 
Mark Alt                 0  0  0   2  2   1  1  1  0  2  0/0    13:53   0:00   1:14 
Maxime Fortier           0  0  0   0  0   0  0  0  0  0  0/0     6:39   0:00   0:00 
Maxime Lajoie            0  0  0   2  0   0  3  0  0  0  0/0    12:28   0:00   0:00 
Nick Schilkey            0  0  0   0  0   2  1  0  0  0  1/1    15:20   0:25   1:37 
Reid Duke                0  1  1   0  0   2  1  0  1  0  0/1    11:45   0:00   1:46 
Taylor Fedun             0  1  1   0  0   4  2  2  1  1  0/0    27:14   2:06   4:21 

Players Stats for Worcester Sharks

Player Name              G  A  P  +/- PIM S  H  SB GA TA FO     MP     PP MP  PK MP  
------------------------------------------------------------------------------------
Andy Miele               1  1  2   1  4   3  4  0  2  0  7/15   20:13   4:46   0:00 
Brandon Pirri            0  1  1   1  0   5  2  0  1  0  0/0    17:01   0:15   0:15 
Brent Gates              0  0  0   2  0   4  1  0  0  0  0/0    12:47   3:03   1:34 
Brett Kulak              0  1  1   1  0   2  3  4  0  1  0/0    25:06   4:25   0:00 
Brian Gibbons            0  1  1  -2  0   2  2  0  0  0  0/0    13:41   0:00   1:58 
Carsen Twarynski         1  0  1  -2  0   5  0  1  0  0  0/0    14:02   3:03   0:00 
Christian Wolanin        0  0  0   0  0   0  0  1  0  1  0/0    17:25   3:31   1:17 
David Gust               0  0  0   0  0   2  1  0  1  2  1/1    14:32   0:00   0:00 
Frank Corrado            0  0  0   0  0   0  0  0  0  0  0/0    23:18   3:31   1:17 
Garrett Pilon            0  0  0   0  0   1  1  0  0  0  13/23  17:13   3:10   0:00 
Hudson Elynuik           0  0  0   1  0   0  3  0  0  0  1/4     8:43   0:18   0:00 
Jimmy Schuldt            0  0  0   1  0   0  2  2  0  1  0/0    18:58   4:25   2:48 
Joseph Veleno            1  1  2  -1  0   6  2  0  2  1  3/7    14:34   0:00   1:02 
Kristians Rubins         0  1  1   2  0   1  2  1  0  0  0/0    23:59   0:00   2:48 
Nelson Nogier            0  0  0   0  0   2  0  0  0  0  0/0    18:52   0:00   0:00 
Nikita Jevpalovs         0  1  1   1  7   0  0  0  0  0  0/1     8:13   0:00   0:00 
Remi Elie                0  1  1   1  0   1  2  0  1  1  1/2    19:54   4:38   1:16 
Travis Boyd              3  0  3   3  0   9  1  1  2  0  2/6    22:36   4:35   2:05 

3 Stars

1 - Travis Boyd (SRK)
2 - Cam Darcy (OCE)
3 - Brendan Leipsic (OCE)

Power Play

Rimouski Oceanic - 1 on 3 Attempt(s) - 33,33%
Worcester Sharks - 0 on 4 Attempt(s) - 0,00%

Penalty Kill

Rimouski Oceanic - 4 on 4 Attempt(s) - 100,00% - Score 0 goal in Penalty Kill
Worcester Sharks - 2 on 3 Attempt(s) - 66,67% - Score 0 goal in Penalty Kill

Team Stat

Rimouski Oceanic - Hits : 30 - Faceoff Wins : 31 - Blocked Shots : 20 - Penalty Minutes : 13
Worcester Sharks - Hits : 26 - Faceoff Wins : 28 - Blocked Shots : 10 - Penalty Minutes : 11

Official

Referees : Kyle Rehman and Ben O'Quinn
Linesman : Shaun Morgan and Ryan Daisy

Game Notes

Deven Sideroff beats up Nikita Jevpalovs at 5:26 of 3rd period
Travis Boyd has scored a Hat Trick!

Finance

Level 1 -- Attendance: 1514 (75,70%) -- Ticket Income 52 990 $
Level 2 -- Attendance: 712 (71,20%) -- Ticket Income 10 680 $
Total Attendance: 2226 (74,20%)
Total Ticket Income: 63 670 $
Other Income: 31 198 $
Total Income: 94 868 $

Rimouski Oceanic

5 vs 5 Forward 
   Center                   Left Wing                Right Wing               Time % Phy DF OF 
 1 Brendan Leipsic          Joakim Nygard            Blake Pietila            40     1   2  2  
 2 Luke Philp               Chris Stewart            Derek Barach             30     1   2  2  
 3 Cam Darcy                Nick Schilkey            Deven Sideroff           20     1   2  2  
 4 Reid Duke                Beau Starrett            Maxime Fortier           10     1   2  2  

5 vs 5 Defense 
   Defense                  Defense                                           Time % Phy DF OF 
 1 Connor Carrick           Taylor Fedun                                      40     1   2  2  
 2 Kyle Wood                Connor Clifton                                    30     1   2  2  
 3 Maxime Lajoie            Mark Alt                                          20     1   2  2  
 4 Connor Carrick           Taylor Fedun                                      10     1   2  2  

PowerPlay Forward 
   Center                   Left Wing                Right Wing               Time % Phy DF OF 
 1 Brendan Leipsic          Joakim Nygard            Blake Pietila            60     1   2  2  
 2 Luke Philp               Chris Stewart            Derek Barach             40     1   2  2  

PowerPlay Defense
   Defense                  Defense                                           Time % Phy DF OF 
 1 Connor Carrick           Taylor Fedun                                      60     1   2  2  
 2 Kyle Wood                Connor Clifton                                    40     1   2  2  

Penalty Kill 4 Players Forward 
   Center                   Wing                     Time % Phy DF OF 
 1 Joakim Nygard            Brendan Leipsic          60     1   2  2  
 2 Blake Pietila            Luke Philp               40     1   2  2  

Penalty Kill 4 Players Defense
   Defense                  Defense                  Time % Phy DF OF 
 1 Connor Carrick           Taylor Fedun             60     1   2  2  
 2 Kyle Wood                Connor Clifton           40     1   2  2  

Penalty Kill - 3 Players Forward 
   Forward                                           Time % Phy DF OF 
 1 Joakim Nygard                                     60     1   2  2  
 2 Brendan Leipsic                                   40     1   2  2  

Penalty Kill - 3 Players Defense
   Defense                  Defense                  Time % Phy DF OF 
 1 Connor Carrick           Taylor Fedun             60     1   2  2  
 2 Kyle Wood                Connor Clifton           40     1   2  2  

4 vs 4 Forward 
   Center                   Wing                     Time % Phy DF OF 
 1 Joakim Nygard            Brendan Leipsic          60     1   2  2  
 2 Blake Pietila            Luke Philp               40     1   2  2  

4 vs 4 Defense
   Defense                  Defense                  Time % Phy DF OF 
 1 Connor Carrick           Taylor Fedun             60     1   2  2  
 2 Kyle Wood                Connor Clifton           40     1   2  2  

Last Minutes Offensive
   Center                   Left Wing                Right Wing               Defense                  Defense                  
   Brendan Leipsic          Joakim Nygard            Blake Pietila            Connor Carrick           Taylor Fedun             

Last Minutes Defensive
   Center                   Left Wing                Right Wing               Defense                  Defense                  
   Brendan Leipsic          Joakim Nygard            Blake Pietila            Connor Carrick           Taylor Fedun             

Goaltenders
Starting : Matt Tomkins             
Backup : Filip Gustavsson         

Extra Forwards
Normal : Nick Schilkey, Cam Darcy, Reid Duke - PP : Nick Schilkey, Cam Darcy - PK : Reid Duke
Extra Defensemen
Normal : Maxime Lajoie, Mark Alt, Kyle Wood - PP : Maxime Lajoie - PK : Mark Alt, Kyle Wood
Penalty Shots
Joakim Nygard, Brendan Leipsic, Blake Pietila, Luke Philp, Chris Stewart

Scratches
Andreas Englund (Healthy), Nicholas Baptiste (Healthy), Lean Bergmann (Left Wrist Injury), Anton Wedin (Healthy), Dan Renouf (Healthy)
William Borgen (Healthy), Ryan MacInnis (Healthy), Jeremy Gregoire (Healthy), Tyler Sikura (Healthy), Kyle Burroughs (Healthy)
Bryan Moore (Healthy), Kelly Summers (Healthy), Ryan Dmowski (Healthy)

Worcester Sharks

5 vs 5 Forward 
   Center                   Left Wing                Right Wing               Time % Phy DF OF 
 1 Andy Miele               Remi Elie                Travis Boyd              35     0   0  5  
 2 Garrett Pilon            David Gust               Brandon Pirri            34     0   1  4  
 3 Joseph Veleno            Carsen Twarynski         Brian Gibbons            24     0   2  3  
 4 Hudson Elynuik           Brent Gates              Nikita Jevpalovs         7      1   2  2  

5 vs 5 Defense 
   Defense                  Defense                                           Time % Phy DF OF 
 1 Brett Kulak              Kristians Rubins                                  37     0   2  3  
 2 Frank Corrado            Nelson Nogier                                     36     0   2  3  
 3 Christian Wolanin        Jimmy Schuldt                                     20     0   3  2  
 4 Brett Kulak              Kristians Rubins                                  7      1   2  2  

PowerPlay Forward 
   Center                   Left Wing                Right Wing               Time % Phy DF OF 
 1 Andy Miele               Remi Elie                Travis Boyd              55     1   2  2  
 2 Garrett Pilon            Brent Gates              Carsen Twarynski         45     1   2  2  

PowerPlay Defense
   Defense                  Defense                                           Time % Phy DF OF 
 1 Brett Kulak              Jimmy Schuldt                                     55     1   2  2  
 2 Christian Wolanin        Frank Corrado                                     45     1   2  2  

Penalty Kill 4 Players Forward 
   Center                   Wing                     Time % Phy DF OF 
 1 Travis Boyd              Brian Gibbons            55     0   4  1  
 2 Brent Gates              Remi Elie                45     0   4  1  

Penalty Kill 4 Players Defense
   Defense                  Defense                  Time % Phy DF OF 
 1 Kristians Rubins         Jimmy Schuldt            55     0   4  1  
 2 Frank Corrado            Christian Wolanin        45     0   4  1  

Penalty Kill - 3 Players Forward 
   Forward                                           Time % Phy DF OF 
 1 Travis Boyd                                       55     0   5  0  
 2 Brent Gates                                       45     0   5  0  

Penalty Kill - 3 Players Defense
   Defense                  Defense                  Time % Phy DF OF 
 1 Brett Kulak              Kristians Rubins         55     0   5  0  
 2 Frank Corrado            Nelson Nogier            45     0   5  0  

4 vs 4 Forward 
   Center                   Wing                     Time % Phy DF OF 
 1 Travis Boyd              Brandon Pirri            55     0   2  3  
 2 Andy Miele               Nikita Jevpalovs         45     0   2  3  

4 vs 4 Defense
   Defense                  Defense                  Time % Phy DF OF 
 1 Brett Kulak              Kristians Rubins         55     0   2  3  
 2 Frank Corrado            Nelson Nogier            45     0   2  3  

Last Minutes Offensive
   Center                   Left Wing                Right Wing               Defense                  Defense                  
   Travis Boyd              Brandon Pirri            Nikita Jevpalovs         Brett Kulak              Kristians Rubins         

Last Minutes Defensive
   Center                   Left Wing                Right Wing               Defense                  Defense                  
   Travis Boyd              Brandon Pirri            Nikita Jevpalovs         Brett Kulak              Kristians Rubins         

Goaltenders
Starting : Ivan Prosvetov           
Backup : Eric Comrie              

Extra Forwards
Normal : Brent Gates, Hudson Elynuik, Joseph Veleno - PP : Brent Gates, Hudson Elynuik - PK : Joseph Veleno
Extra Defensemen
Normal : Christian Wolanin, Jimmy Schuldt, Frank Corrado - PP : Christian Wolanin - PK : Jimmy Schuldt, Frank Corrado
Penalty Shots
Travis Boyd, Garrett Pilon, Brandon Pirri, Andy Miele, David Gust

Scratches
Jeremy Davies (Healthy), Teemu Kivihalme (Healthy), John Nyberg (Healthy), James de Haas (Healthy), Michael Prapavessis (Healthy)
William Lochead (Healthy), Cooper Zech (Healthy), Dylan Wells (Healthy), Ukko-Pekka Luukkonen (Healthy)

% Time on Ice - Rimouski Oceanic

Lines # - Real PCT - Wanted PCT - Time Play
Normal Forward
1 - 34% - 40% - 16:25
2 - 27% - 30% - 12:40
3 - 25% - 20% - 11:52
4 - 14% - 10% - 6:39
Normal Defense
1 - 38% - 40% - 18:12
2 - 34% - 30% - 16:17
3 - 26% - 20% - 12:28
4 - 1% - 10% - 0:39
PP Forward
1 - 58% - 60% - 2:21
2 - 42% - 40% - 1:44
PP Defense
1 - 51% - 60% - 2:06
2 - 49% - 40% - 1:59
PK Forward
1 - 74% - 60% - 5:54
2 - 26% - 40% - 2:02
PK Defense
1 - 55% - 60% - 4:21
2 - 45% - 40% - 3:35
PK3 Forward
1 - 0% - 60%
2 - 0% - 40%
PK3 Defense
1 - 0% - 60%
2 - 0% - 40%
44 Forward
1 - 72% - 60% - 2:45
2 - 28% - 40% - 1:04
44 Defense
1 - 51% - 60% - 1:56
2 - 49% - 40% - 1:53
Last Minute Offensive  - 0:00
Last Minute Defensive  - 0:23
Total
Forward - 63:49
Defense - 63:49

% Time on Ice - Worcester Sharks

Lines # - Real PCT - Wanted PCT - Time Play
Normal Forward
1 - 30% - 35% - 14:05
2 - 31% - 34% - 14:56
3 - 25% - 24% - 11:43
4 - 14% - 7% - 6:53
Normal Defense
1 - 40% - 37% - 18:52
2 - 38% - 36% - 17:57
3 - 20% - 20% - 9:45
4 - 2% - 7% - 1:03
PP Forward
1 - 60% - 55% - 4:46
2 - 40% - 45% - 3:10
PP Defense
1 - 56% - 55% - 4:25
2 - 44% - 45% - 3:31
PK Forward
1 - 69% - 55% - 2:49
2 - 31% - 45% - 1:16
PK Defense
1 - 69% - 55% - 2:48
2 - 31% - 45% - 1:17
PK3 Forward
1 - 0% - 55%
2 - 0% - 45%
PK3 Defense
1 - 0% - 55%
2 - 0% - 45%
44 Forward
1 - 63% - 55% - 2:25
2 - 37% - 45% - 1:24
44 Defense
1 - 65% - 55% - 2:29
2 - 35% - 45% - 1:20
Last Minute Offensive  - 0:22
Last Minute Defensive  - 0:00
Total
Forward - 63:49
Defense - 63:49

Play-by-Play

1st period


0:01 of 1st period - Andy Miele wins face-off versus Brendan Leipsic in neutral zone.
0:14 of 1st period - Snap shot by Travis Boyd.
0:14 of 1st period - Stopped by Matt Tomkins with a rebound.
0:16 of 1st period - Minor Penalty to Connor Carrick for Interference.
0:17 of 1st period - Brendan Leipsic wins face-off versus Andy Miele in Rimouski Oceanic zone.
1:45 of 1st period - Slapshot by Travis Boyd.
1:45 of 1st period - Stopped by Matt Tomkins with a rebound.
1:47 of 1st period - Snap shot by Andy Miele.
1:47 of 1st period - Shot Misses the Net.
1:51 of 1st period - Wrist shot by Travis Boyd.
1:51 of 1st period - Shot Misses the Net.
1:57 of 1st period - Wrist shot by Travis Boyd.
1:57 of 1st period - Deflect By Andy Miele.
1:57 of 1st period - Shot Misses the Net.
1:57 of 1st period - Puck is out of play.
1:58 of 1st period - Blake Pietila wins face-off versus Garrett Pilon in Rimouski Oceanic zone.
2:13 of 1st period - Wrist shot by Garrett Pilon.
2:13 of 1st period - Shot Misses the Net.
2:16 of 1st period - Penalty to Connor Carrick is over, Connor Carrick is back on ice.
3:14 of 1st period - Frank Corrado is hit by Kyle Wood and loses puck.
3:32 of 1st period - Snap shot by Joseph Veleno.
3:32 of 1st period - Stopped by Matt Tomkins with a rebound.
3:34 of 1st period - Wrist shot by Brian Gibbons.
3:34 of 1st period - Deflect By Carsen Twarynski.
3:34 of 1st period - Goal by Carsen Twarynski - Rimouski Oceanic : 0 - Worcester Sharks : 1.
3:35 of 1st period - Garrett Pilon wins face-off versus Brendan Leipsic in neutral zone.
3:38 of 1st period - Connor Clifton is hit by Garrett Pilon and loses puck.
4:10 of 1st period - Snap shot by Joseph Veleno.
4:10 of 1st period - Stopped by Matt Tomkins with a rebound.
4:12 of 1st period - Wrist shot by Brian Gibbons.
4:12 of 1st period - Shot Misses the Net.
4:22 of 1st period - Snap shot by Luke Philp.
4:22 of 1st period - Shot Misses the Net.
4:28 of 1st period - Slapshot by Cam Darcy.
4:28 of 1st period - Shot Blocked by Christian Wolanin.
4:30 of 1st period - Slapshot by Mark Alt.
4:30 of 1st period - Deflect By Nick Schilkey.
4:30 of 1st period - Shot Hit the Post.
4:30 of 1st period - Puck is out of play.
4:31 of 1st period - Brendan Leipsic wins face-off versus Garrett Pilon in Worcester Sharks zone.
4:32 of 1st period - Backhand shot by Joakim Nygard.
4:32 of 1st period - Shot Misses the Net.
4:34 of 1st period - Wrist shot by Blake Pietila.
4:34 of 1st period - Stopped by Ivan Prosvetov without a rebound.
4:35 of 1st period - Garrett Pilon wins face-off versus Brendan Leipsic in Worcester Sharks zone.
4:50 of 1st period - Nelson Nogier is hit by Brendan Leipsic and loses puck.
5:03 of 1st period - Snap shot by Brendan Leipsic.
5:03 of 1st period - Stopped by Ivan Prosvetov with a rebound.
5:27 of 1st period - Hudson Elynuik is hit by Connor Clifton and loses puck.
5:36 of 1st period - Snap shot by Brent Gates.
5:36 of 1st period - Shot Blocked by Luke Philp.
5:48 of 1st period - Snap shot by Carsen Twarynski.
5:48 of 1st period - Stopped by Matt Tomkins with a rebound.
5:50 of 1st period - Snap shot by Carsen Twarynski.
5:50 of 1st period - Stopped by Matt Tomkins without a rebound.
5:51 of 1st period - Cam Darcy wins face-off versus Andy Miele in Rimouski Oceanic zone.
5:51 of 1st period - Cam Darcy is hit by Remi Elie.
5:59 of 1st period - Slapshot by Taylor Fedun.
5:59 of 1st period - Stopped by Ivan Prosvetov without a rebound.
6:00 of 1st period - Andy Miele wins face-off versus Brendan Leipsic in Worcester Sharks zone.
6:13 of 1st period - Snap shot by Joakim Nygard.
6:13 of 1st period - Deflect By Brendan Leipsic.
6:13 of 1st period - Shot Misses the Net.
6:13 of 1st period - Puck is out of play.
6:14 of 1st period - Brendan Leipsic wins face-off versus Garrett Pilon in Worcester Sharks zone.
6:15 of 1st period - Slapshot by Joakim Nygard.
6:15 of 1st period - Stopped by Ivan Prosvetov with a rebound.
7:10 of 1st period - Snap shot by Cam Darcy.
7:10 of 1st period - Stopped by Ivan Prosvetov without a rebound.
7:11 of 1st period - Garrett Pilon wins face-off versus Brendan Leipsic in Worcester Sharks zone.
7:11 of 1st period - Garrett Pilon is hit by Joakim Nygard.
7:25 of 1st period - Slapshot by Brandon Pirri.
7:25 of 1st period - Shot Misses the Net.
7:58 of 1st period - Snap shot by Reid Duke.
7:58 of 1st period - Deflect By Kristians Rubins.
7:58 of 1st period - Shot Blocked by Brett Kulak.
7:58 of 1st period - Puck is out of play.
7:59 of 1st period - Cam Darcy wins face-off versus Nikita Jevpalovs in Worcester Sharks zone.
8:24 of 1st period - Travis Boyd is hit by Brendan Leipsic and loses puck.
9:16 of 1st period - Slapshot by Joseph Veleno.
9:16 of 1st period - Shot Blocked by Luke Philp.
9:18 of 1st period - Slapshot by Joseph Veleno.
9:18 of 1st period - Shot Blocked by Mark Alt.
9:32 of 1st period - Wrist shot by Brendan Leipsic.
9:32 of 1st period - Shot Misses the Net.
9:56 of 1st period - Nick Schilkey is hit by Kristians Rubins and loses puck.
10:09 of 1st period - Snap shot by Beau Starrett.
10:09 of 1st period - Shot Blocked by Jimmy Schuldt.
10:11 of 1st period - Slapshot by Mark Alt.
10:11 of 1st period - Stopped by Ivan Prosvetov with a rebound.
10:13 of 1st period - Wrist shot by Maxime Fortier.
10:13 of 1st period - Shot Misses the Net.
11:08 of 1st period - Wrist shot by Nick Schilkey.
11:08 of 1st period - Stopped by Ivan Prosvetov without a rebound.
11:09 of 1st period - Garrett Pilon wins face-off versus Cam Darcy in Worcester Sharks zone.
11:32 of 1st period - Wrist shot by Cam Darcy.
11:32 of 1st period - Shot Misses the Net.
12:24 of 1st period - Snap shot by Reid Duke.
12:24 of 1st period - Stopped by Ivan Prosvetov with a rebound.
12:26 of 1st period - Snap shot by Taylor Fedun.
12:26 of 1st period - Stopped by Ivan Prosvetov without a rebound.
12:27 of 1st period - Garrett Pilon wins face-off versus Brendan Leipsic in Worcester Sharks zone.
12:38 of 1st period - Garrett Pilon is hit by Joakim Nygard and loses puck.
13:01 of 1st period - Wrist shot by Luke Philp.
13:01 of 1st period - Stopped by Ivan Prosvetov with a rebound.
13:03 of 1st period - Slapshot by Taylor Fedun.
13:03 of 1st period - Deflect By Chris Stewart.
13:03 of 1st period - Stopped by Ivan Prosvetov without a rebound.
13:04 of 1st period - Luke Philp wins face-off versus Andy Miele in Worcester Sharks zone.
13:09 of 1st period - Slapshot by Chris Stewart.
13:09 of 1st period - Shot Misses the Net.
13:11 of 1st period - Slapshot by Kyle Wood.
13:11 of 1st period - Shot Misses the Net.
13:13 of 1st period - Snap shot by Chris Stewart.
13:13 of 1st period - Shot Blocked by Travis Boyd.
13:15 of 1st period - Wrist shot by Chris Stewart.
13:15 of 1st period - Stopped by Ivan Prosvetov with a rebound.
13:17 of 1st period - Snap shot by Kyle Wood.
13:17 of 1st period - Shot Blocked by Brett Kulak.
13:19 of 1st period - Snap shot by Luke Philp.
13:19 of 1st period - Shot Misses the Net.
14:12 of 1st period - Snap shot by Nick Schilkey.
14:12 of 1st period - Stopped by Ivan Prosvetov without a rebound.
14:13 of 1st period - Cam Darcy wins face-off versus Hudson Elynuik in Worcester Sharks zone.
14:38 of 1st period - Frank Corrado is hit by Joakim Nygard and loses puck.
15:04 of 1st period - Snap shot by Joseph Veleno.
15:04 of 1st period - Shot Misses the Net.
15:06 of 1st period - Slapshot by Kristians Rubins.
15:06 of 1st period - Shot Misses the Net.
15:08 of 1st period - Snap shot by Brett Kulak.
15:08 of 1st period - Shot Misses the Net.
15:10 of 1st period - Wrist shot by Joseph Veleno.
15:10 of 1st period - Shot Misses the Net.
15:12 of 1st period - Snap shot by Brian Gibbons.
15:12 of 1st period - Shot Blocked by Kyle Wood.
15:14 of 1st period - Snap shot by Kristians Rubins.
15:14 of 1st period - Stopped by Matt Tomkins with a rebound.
15:16 of 1st period - Slapshot by Kristians Rubins.
15:16 of 1st period - Shot Blocked by Chris Stewart.
17:36 of 1st period - Joseph Veleno is hit by Taylor Fedun and loses puck.
17:51 of 1st period - David Gust is hit by Beau Starrett and loses puck.
18:00 of 1st period - Frank Corrado is hit by Connor Carrick and loses puck.
18:43 of 1st period - Slapshot by Brett Kulak.
18:43 of 1st period - Stopped by Matt Tomkins with a rebound.
18:53 of 1st period - Kyle Wood is hit by Brandon Pirri and loses puck.
19:09 of 1st period - Connor Clifton is hit by Andy Miele and loses puck.
Goals for this period are 0 for Rimouski Oceanic vs 1 for Worcester Sharks.
Shots for this period are 13 for Rimouski Oceanic vs 9 for Worcester Sharks.

2nd period


0:01 of 2nd period - Andy Miele wins face-off versus Brendan Leipsic in neutral zone.
0:04 of 2nd period - Wrist shot by Travis Boyd.
0:04 of 2nd period - Goal by Travis Boyd - Rimouski Oceanic : 0 - Worcester Sharks : 2.
0:05 of 2nd period - Brendan Leipsic wins face-off versus Garrett Pilon in neutral zone.
0:45 of 2nd period - Joseph Veleno is hit by Luke Philp.
1:34 of 2nd period - Kyle Wood is hit by Jimmy Schuldt and loses puck.
1:39 of 2nd period - Slapshot by Andy Miele.
1:39 of 2nd period - Shot Blocked by Kyle Wood.
1:43 of 2nd period - Slapshot by Travis Boyd.
1:43 of 2nd period - Stopped by Matt Tomkins with a rebound.
2:14 of 2nd period - Minor Penalty to Mark Alt for Holding Stick.
2:15 of 2nd period - Andy Miele wins face-off versus Joakim Nygard in Rimouski Oceanic zone.
2:18 of 2nd period - Wrist shot by Andy Miele.
2:18 of 2nd period - Stopped by Matt Tomkins with a rebound.
2:20 of 2nd period - Wrist shot by Frank Corrado.
2:20 of 2nd period - Shot Misses the Net.
2:24 of 2nd period - Snap shot by Remi Elie.
2:24 of 2nd period - Shot Hit the Post.
2:26 of 2nd period - Snap shot by Christian Wolanin.
2:26 of 2nd period - Shot Misses the Net.
2:28 of 2nd period - Snap shot by Remi Elie.
2:28 of 2nd period - Stopped by Matt Tomkins with a rebound.
2:30 of 2nd period - Wrist shot by Andy Miele.
2:30 of 2nd period - Stopped by Matt Tomkins with a rebound.
3:04 of 2nd period - Andy Miele is hit by Kyle Wood and loses puck.
3:11 of 2nd period - Jimmy Schuldt is hit by Blake Pietila and loses puck.
4:14 of 2nd period - Penalty to Mark Alt is over, Mark Alt is back on ice.
4:30 of 2nd period - Luke Philp is hit by Hudson Elynuik and loses puck.
5:14 of 2nd period - Hudson Elynuik is hit by Maxime Lajoie and loses puck.
5:59 of 2nd period - Garrett Pilon is hit by Connor Carrick and loses puck.
6:14 of 2nd period - Carsen Twarynski is hit by Luke Philp and loses puck.
7:01 of 2nd period - Minor Penalty to Joakim Nygard for Hooking.
7:02 of 2nd period - Garrett Pilon wins face-off versus Reid Duke in Rimouski Oceanic zone.
7:12 of 2nd period - Snap shot by Brent Gates.
7:12 of 2nd period - Stopped by Matt Tomkins with a rebound.
7:14 of 2nd period - Snap shot by Brent Gates.
7:14 of 2nd period - Stopped by Matt Tomkins with a rebound.
7:16 of 2nd period - Slapshot by Jimmy Schuldt.
7:16 of 2nd period - Shot Blocked by Connor Clifton.
9:01 of 2nd period - Penalty to Joakim Nygard is over, Joakim Nygard is back on ice.
9:07 of 2nd period - Connor Carrick is hit by Hudson Elynuik and loses puck.
9:27 of 2nd period - Mark Alt is hit by Brandon Pirri and loses puck.
9:38 of 2nd period - Reid Duke is hit by Joseph Veleno and loses puck.
9:56 of 2nd period - Kristians Rubins is hit by Maxime Lajoie.
10:00 of 2nd period - Slapshot by Taylor Fedun.
10:00 of 2nd period - Shot Misses the Net.
10:36 of 2nd period - Icing by Jimmy Schuldt.
10:37 of 2nd period - Remi Elie wins face-off versus Luke Philp in Worcester Sharks zone.
10:58 of 2nd period - Snap shot by David Gust.
10:58 of 2nd period - Stopped by Matt Tomkins with a rebound.
11:08 of 2nd period - Cam Darcy is hit by Jimmy Schuldt and loses puck.
11:19 of 2nd period - Snap shot by Nikita Jevpalovs.
11:19 of 2nd period - Deflect By Hudson Elynuik.
11:19 of 2nd period - Shot Blocked by Connor Carrick.
11:19 of 2nd period - Puck is out of play.
11:20 of 2nd period - Andy Miele wins face-off versus Luke Philp in Rimouski Oceanic zone.
11:23 of 2nd period - Wrist shot by Travis Boyd.
11:23 of 2nd period - Shot Misses the Net.
11:25 of 2nd period - Slapshot by Brett Kulak.
11:25 of 2nd period - Stopped by Matt Tomkins without a rebound.
11:26 of 2nd period - Andy Miele wins face-off versus Luke Philp in Rimouski Oceanic zone.
11:30 of 2nd period - Minor Penalty to Chris Stewart for Hooking.
11:31 of 2nd period - Joakim Nygard wins face-off versus Andy Miele in Rimouski Oceanic zone.
12:06 of 2nd period - Slapshot by Frank Corrado.
12:06 of 2nd period - Deflect By Carsen Twarynski.
12:06 of 2nd period - Stopped by Matt Tomkins with a rebound.
12:08 of 2nd period - Slapshot by Christian Wolanin.
12:08 of 2nd period - Shot Misses the Net.
12:10 of 2nd period - Slapshot by Christian Wolanin.
12:10 of 2nd period - Shot Blocked by Connor Carrick.
12:12 of 2nd period - Slapshot by Frank Corrado.
12:12 of 2nd period - Shot Blocked by Connor Carrick.
12:14 of 2nd period - Snap shot by Carsen Twarynski.
12:14 of 2nd period - Shot Misses the Net.
12:57 of 2nd period - Brendan Leipsic is hit by Brett Kulak and loses puck.
13:30 of 2nd period - Penalty to Chris Stewart is over, Chris Stewart is back on ice.
13:37 of 2nd period - Nick Schilkey is hit by Brian Gibbons and loses puck.
14:22 of 2nd period - Cam Darcy is hit by Kristians Rubins and loses puck.
14:37 of 2nd period - Mark Alt is hit by Brett Kulak.
14:49 of 2nd period - Snap shot by Joakim Nygard.
14:49 of 2nd period - Stopped by Ivan Prosvetov without a rebound.
14:50 of 2nd period - Brendan Leipsic wins face-off versus Andy Miele in Worcester Sharks zone.
14:59 of 2nd period - Snap shot by Brendan Leipsic.
14:59 of 2nd period - Deflect By Blake Pietila.
14:59 of 2nd period - Stopped by Ivan Prosvetov without a rebound.
15:00 of 2nd period - Luke Philp wins face-off versus Joseph Veleno in Worcester Sharks zone.
15:26 of 2nd period - Connor Clifton is hit by Travis Boyd.
15:30 of 2nd period - Snap shot by Andy Miele.
15:30 of 2nd period - Goal by Andy Miele - Rimouski Oceanic : 0 - Worcester Sharks : 3.
15:31 of 2nd period - Brendan Leipsic wins face-off versus Andy Miele in neutral zone.
16:08 of 2nd period - Slapshot by Travis Boyd.
16:08 of 2nd period - Shot Blocked by Kyle Wood.
16:10 of 2nd period - Slapshot by Kristians Rubins.
16:10 of 2nd period - Deflect By Travis Boyd.
16:10 of 2nd period - Stopped by Matt Tomkins with a rebound.
16:12 of 2nd period - Slapshot by Remi Elie.
16:12 of 2nd period - Deflect By Andy Miele.
16:12 of 2nd period - Shot Misses the Net.
16:12 of 2nd period - Puck is out of play.
16:13 of 2nd period - Garrett Pilon wins face-off versus Luke Philp in Rimouski Oceanic zone.
16:26 of 2nd period - Slapshot by Brandon Pirri.
16:26 of 2nd period - Stopped by Matt Tomkins with a rebound.
16:28 of 2nd period - Snap shot by Nelson Nogier.
16:28 of 2nd period - Stopped by Matt Tomkins without a rebound.
16:29 of 2nd period - Brendan Leipsic wins face-off versus Joseph Veleno in Rimouski Oceanic zone.
16:34 of 2nd period - Snap shot by Joakim Nygard.
16:34 of 2nd period - Shot Misses the Net.
16:36 of 2nd period - Slapshot by Connor Carrick.
16:36 of 2nd period - Deflect By Blake Pietila.
16:36 of 2nd period - Goal by Blake Pietila - Rimouski Oceanic : 1 - Worcester Sharks : 3.
16:37 of 2nd period - Brendan Leipsic wins face-off versus Remi Elie in neutral zone.
16:47 of 2nd period - Minor Penalty to Andy Miele for Hooking.
16:48 of 2nd period - Brendan Leipsic wins face-off versus Travis Boyd in Worcester Sharks zone.
16:50 of 2nd period - Snap shot by Brendan Leipsic.
16:50 of 2nd period - Shot Misses the Net.
18:44 of 2nd period - Kyle Wood is hit by Joseph Veleno and loses puck.
18:47 of 2nd period - Penalty to Andy Miele is over, Andy Miele is back on ice.
18:57 of 2nd period - Slapshot by Brandon Pirri.
18:57 of 2nd period - Shot Blocked by Joakim Nygard.
18:59 of 2nd period - Snap shot by Joseph Veleno.
18:59 of 2nd period - Shot Misses the Net.
19:01 of 2nd period - Snap shot by Brandon Pirri.
19:01 of 2nd period - Stopped by Matt Tomkins without a rebound.
19:02 of 2nd period - Cam Darcy wins face-off versus Andy Miele in Rimouski Oceanic zone.
19:17 of 2nd period - Frank Corrado is hit by Mark Alt and loses puck.
19:57 of 2nd period - Maxime Fortier is hit by Andy Miele and loses puck.
Goals for this period are 1 for Rimouski Oceanic vs 2 for Worcester Sharks.
Shots for this period are 3 for Rimouski Oceanic vs 15 for Worcester Sharks.

3rd period


0:01 of 3rd period - Blake Pietila wins face-off versus Garrett Pilon in neutral zone.
0:26 of 3rd period - Travis Boyd is hit by Connor Carrick and loses puck.
1:28 of 3rd period - Connor Clifton is hit by Andy Miele and loses puck.
1:55 of 3rd period - Snap shot by Brendan Leipsic.
1:55 of 3rd period - Stopped by Ivan Prosvetov without a rebound.
1:56 of 3rd period - Luke Philp wins face-off versus Garrett Pilon in Worcester Sharks zone.
1:57 of 3rd period - Snap shot by Derek Barach.
1:57 of 3rd period - Stopped by Ivan Prosvetov with a rebound.
2:21 of 3rd period - Snap shot by Nick Schilkey.
2:21 of 3rd period - Shot Blocked by Jimmy Schuldt.
2:43 of 3rd period - Connor Clifton is hit by Andy Miele and loses puck.
3:22 of 3rd period - Off-side.
3:23 of 3rd period - Luke Philp wins face-off versus Hudson Elynuik in neutral zone.
3:26 of 3rd period - Slapshot by Connor Carrick.
3:26 of 3rd period - Stopped by Ivan Prosvetov with a rebound.
3:28 of 3rd period - Slapshot by Connor Carrick.
3:28 of 3rd period - Stopped by Ivan Prosvetov without a rebound.
3:29 of 3rd period - Brendan Leipsic wins face-off versus Garrett Pilon in Worcester Sharks zone.
4:00 of 3rd period - Wrist shot by Chris Stewart.
4:00 of 3rd period - Shot Blocked by Brett Kulak.
4:02 of 3rd period - Wrist shot by Luke Philp.
4:02 of 3rd period - Shot Blocked by Brett Kulak.
4:04 of 3rd period - Slapshot by Taylor Fedun.
4:04 of 3rd period - Stopped by Ivan Prosvetov with a rebound.
4:34 of 3rd period - Joseph Veleno is hit by Joakim Nygard and loses puck.
4:39 of 3rd period - Snap shot by Brendan Leipsic.
4:39 of 3rd period - Goal by Brendan Leipsic - Rimouski Oceanic : 2 - Worcester Sharks : 3.
4:40 of 3rd period - Garrett Pilon wins face-off versus Brendan Leipsic in neutral zone.
5:06 of 3rd period - Frank Corrado is hit by Chris Stewart and loses puck.
5:25 of 3rd period - Snap shot by Nikita Jevpalovs.
5:25 of 3rd period - Shot Blocked by Deven Sideroff.
5:26 of 3rd period - Deven Sideroff beats up Nikita Jevpalovs.
5:26 of 3rd period - Penalty to Nikita Jevpalovs for Fighting.
5:26 of 3rd period - Penalty to Deven Sideroff for Fighting.
5:27 of 3rd period - David Gust wins face-off versus Brendan Leipsic in Rimouski Oceanic zone.
6:40 of 3rd period - Christian Wolanin is hit by Nick Schilkey and loses puck.
6:57 of 3rd period - Snap shot by Joseph Veleno.
6:57 of 3rd period - Goal by Joseph Veleno - Rimouski Oceanic : 2 - Worcester Sharks : 4.
6:58 of 3rd period - Blake Pietila wins face-off versus Garrett Pilon in neutral zone.
7:42 of 3rd period - Wrist shot by Travis Boyd.
7:42 of 3rd period - Stopped by Matt Tomkins with a rebound.
7:44 of 3rd period - Snap shot by Joseph Veleno.
7:44 of 3rd period - Stopped by Matt Tomkins without a rebound.
7:45 of 3rd period - Joseph Veleno wins face-off versus Cam Darcy in Rimouski Oceanic zone.
8:00 of 3rd period - Snap shot by Taylor Fedun.
8:00 of 3rd period - Deflect By Cam Darcy.
8:00 of 3rd period - Goal by Cam Darcy - Rimouski Oceanic : 3 - Worcester Sharks : 4.
8:01 of 3rd period - Garrett Pilon wins face-off versus Blake Pietila in neutral zone.
8:09 of 3rd period - Snap shot by Garrett Pilon.
8:09 of 3rd period - Stopped by Matt Tomkins with a rebound.
8:11 of 3rd period - Wrist shot by David Gust.
8:11 of 3rd period - Shot Blocked by Taylor Fedun.
8:13 of 3rd period - Slapshot by Garrett Pilon.
8:13 of 3rd period - Shot Blocked by Connor Carrick.
8:32 of 3rd period - Remi Elie is hit by Derek Barach and loses puck.
8:49 of 3rd period - Slapshot by Cam Darcy.
8:49 of 3rd period - Shot Blocked by Carsen Twarynski.
8:51 of 3rd period - Snap shot by Nick Schilkey.
8:51 of 3rd period - Deflect By Reid Duke.
8:51 of 3rd period - Stopped by Ivan Prosvetov without a rebound.
8:52 of 3rd period - Garrett Pilon wins face-off versus Cam Darcy in Worcester Sharks zone.
9:17 of 3rd period - Nelson Nogier is hit by Reid Duke and loses puck.
9:27 of 3rd period - Minor Penalty to Andy Miele for Goalie Interference.
9:28 of 3rd period - Brendan Leipsic wins face-off versus Travis Boyd in Worcester Sharks zone.
9:34 of 3rd period - Slapshot by Brendan Leipsic.
9:34 of 3rd period - Goal by Brendan Leipsic - Rimouski Oceanic : 4 - Worcester Sharks : 4.
9:35 of 3rd period - Brendan Leipsic wins face-off versus Garrett Pilon in neutral zone.
9:46 of 3rd period - Wrist shot by Blake Pietila.
9:46 of 3rd period - Stopped by Ivan Prosvetov with a rebound.
10:26 of 3rd period - Snap shot by Joseph Veleno.
10:26 of 3rd period - Deflect By Brent Gates.
10:26 of 3rd period - Shot Blocked by Kyle Wood.
10:26 of 3rd period - Puck is out of play.
10:27 of 3rd period - Hudson Elynuik wins face-off versus Brendan Leipsic in Rimouski Oceanic zone.
10:32 of 3rd period - Backhand shot by Brent Gates.
10:32 of 3rd period - Stopped by Matt Tomkins with a rebound.
10:34 of 3rd period - Snap shot by Brent Gates.
10:34 of 3rd period - Shot Blocked by Joakim Nygard.
10:45 of 3rd period - Snap shot by Joseph Veleno.
10:45 of 3rd period - Stopped by Matt Tomkins without a rebound.
10:46 of 3rd period - Garrett Pilon wins face-off versus Luke Philp in Rimouski Oceanic zone.
10:47 of 3rd period - Wrist shot by Brandon Pirri.
10:47 of 3rd period - Stopped by Matt Tomkins without a rebound.
10:48 of 3rd period - Garrett Pilon wins face-off versus Luke Philp in Rimouski Oceanic zone.
10:53 of 3rd period - Slapshot by Brandon Pirri.
10:53 of 3rd period - Stopped by Matt Tomkins with a rebound.
11:18 of 3rd period - Connor Clifton is hit by Brian Gibbons and loses puck.
11:23 of 3rd period - Snap shot by Joseph Veleno.
11:23 of 3rd period - Stopped by Matt Tomkins with a rebound.
11:25 of 3rd period - Slapshot by Joseph Veleno.
11:25 of 3rd period - Deflect By Carsen Twarynski.
11:25 of 3rd period - Shot Misses the Net.
11:25 of 3rd period - Puck is out of play.
11:26 of 3rd period - Cam Darcy wins face-off versus Andy Miele in Rimouski Oceanic zone.
11:26 of 3rd period - Cam Darcy is hit by Remi Elie.
11:49 of 3rd period - Icing by Andy Miele.
11:50 of 3rd period - Garrett Pilon wins face-off versus Brendan Leipsic in Worcester Sharks zone.
12:01 of 3rd period - David Gust is hit by Joakim Nygard.
12:18 of 3rd period - Icing by Brendan Leipsic.
12:19 of 3rd period - Joseph Veleno wins face-off versus Brendan Leipsic in Rimouski Oceanic zone.
12:55 of 3rd period - Andy Miele is hit by Maxime Lajoie.
13:43 of 3rd period - Icing by Cam Darcy.
13:44 of 3rd period - Cam Darcy wins face-off versus Hudson Elynuik in Rimouski Oceanic zone.
13:54 of 3rd period - Minor Penalty to Nikita Jevpalovs for High sticking.
13:55 of 3rd period - Travis Boyd wins face-off versus Luke Philp in Worcester Sharks zone.
14:11 of 3rd period - Slapshot by Taylor Fedun.
14:11 of 3rd period - Shot Misses the Net.
14:29 of 3rd period - Wrist shot by Brent Gates.
14:29 of 3rd period - Stopped by Matt Tomkins with a rebound.
15:18 of 3rd period - Brian Gibbons is hit by Kyle Wood and loses puck.
15:43 of 3rd period - Joseph Veleno is hit by Cam Darcy and loses puck.
15:54 of 3rd period - Penalty to Nikita Jevpalovs is over, Nikita Jevpalovs is back on ice.
15:54 of 3rd period - Connor Carrick is hit by Brent Gates and loses puck.
16:15 of 3rd period - Slapshot by Brandon Pirri.
16:15 of 3rd period - Stopped by Matt Tomkins with a rebound.
16:17 of 3rd period - Slapshot by David Gust.
16:17 of 3rd period - Stopped by Matt Tomkins with a rebound.
16:41 of 3rd period - Snap shot by Cam Darcy.
16:41 of 3rd period - Goal by Cam Darcy - Rimouski Oceanic : 5 - Worcester Sharks : 4.
16:42 of 3rd period - Joseph Veleno wins face-off versus Cam Darcy in neutral zone.
17:29 of 3rd period - Wrist shot by Chris Stewart.
17:29 of 3rd period - Shot Blocked by Kristians Rubins.
17:31 of 3rd period - Slapshot by Taylor Fedun.
17:31 of 3rd period - Stopped by Ivan Prosvetov with a rebound.
17:37 of 3rd period - Snap shot by Chris Stewart.
17:37 of 3rd period - Stopped by Ivan Prosvetov with a rebound.
18:34 of 3rd period - Wrist shot by Joakim Nygard.
18:34 of 3rd period - Shot Misses the Net.
19:01 of 3rd period - Worcester Sharks, Ivan Prosvetov is pulled from the net.
19:07 of 3rd period - Wrist shot by Travis Boyd.
19:07 of 3rd period - Goal by Travis Boyd - Rimouski Oceanic : 5 - Worcester Sharks : 5.
19:07 of 3rd period - Ivan Prosvetov from Worcester Sharks was sent back in the game.
19:08 of 3rd period - Nick Schilkey wins face-off versus Joseph Veleno in neutral zone.
19:11 of 3rd period - Slapshot by Connor Carrick.
19:11 of 3rd period - Deflect By Brian Gibbons.
19:11 of 3rd period - Stopped by Ivan Prosvetov with a rebound.
19:17 of 3rd period - Wrist shot by Brian Gibbons.
19:17 of 3rd period - Stopped by Matt Tomkins with a rebound.
19:19 of 3rd period - Wrist shot by Brian Gibbons.
19:19 of 3rd period - Stopped by Matt Tomkins with a rebound.
19:21 of 3rd period - Wrist shot by Carsen Twarynski.
19:21 of 3rd period - Stopped by Matt Tomkins with a rebound.
19:23 of 3rd period - Slapshot by Nelson Nogier.
19:23 of 3rd period - Stopped by Matt Tomkins without a rebound.
19:24 of 3rd period - Luke Philp wins face-off versus Garrett Pilon in Rimouski Oceanic zone.
19:24 of 3rd period - Luke Philp is hit by David Gust.
19:34 of 3rd period - Wrist shot by Garrett Pilon.
19:34 of 3rd period - Deflect By David Gust.
19:34 of 3rd period - Shot Blocked by Taylor Fedun.
19:34 of 3rd period - Puck is out of play.
19:35 of 3rd period - Cam Darcy wins face-off versus Joseph Veleno in Rimouski Oceanic zone.
19:42 of 3rd period - Snap shot by Cam Darcy.
19:42 of 3rd period - Stopped by Ivan Prosvetov with a rebound.
Goals for this period are 4 for Rimouski Oceanic vs 2 for Worcester Sharks.
Shots for this period are 15 for Rimouski Oceanic vs 17 for Worcester Sharks.

Overtime #1


0:01 of 1st overtime period - Joakim Nygard wins face-off versus Travis Boyd in neutral zone.
0:13 of 1st overtime period - Kristians Rubins is hit by Taylor Fedun and loses puck.
0:48 of 1st overtime period - Blake Pietila is hit by Brett Kulak and loses puck.
1:23 of 1st overtime period - Taylor Fedun is hit by Hudson Elynuik.
1:39 of 1st overtime period - Brett Kulak is hit by Connor Carrick and loses puck.
3:09 of 1st overtime period - Icing by Connor Carrick.
3:10 of 1st overtime period - Blake Pietila wins face-off versus Travis Boyd in Rimouski Oceanic zone.
3:31 of 1st overtime period - Slapshot by Andy Miele.
3:31 of 1st overtime period - Deflect By Nikita Jevpalovs.
3:31 of 1st overtime period - Shot Blocked by Blake Pietila.
3:31 of 1st overtime period - Puck is out of play.
3:32 of 1st overtime period - Andy Miele wins face-off versus Joakim Nygard in Rimouski Oceanic zone.
3:37 of 1st overtime period - Wrist shot by Nikita Jevpalovs.
3:37 of 1st overtime period - Shot Misses the Net.
3:39 of 1st overtime period - Slapshot by Frank Corrado.
3:39 of 1st overtime period - Shot Blocked by Joakim Nygard.
3:41 of 1st overtime period - Slapshot by Frank Corrado.
3:41 of 1st overtime period - Deflect By Nikita Jevpalovs.
3:41 of 1st overtime period - Shot Misses the Net.
3:41 of 1st overtime period - Puck is out of play.
3:42 of 1st overtime period - Travis Boyd wins face-off versus Joakim Nygard in Rimouski Oceanic zone.
3:45 of 1st overtime period - Wrist shot by Travis Boyd.
3:45 of 1st overtime period - Stopped by Matt Tomkins with a rebound.
3:47 of 1st overtime period - Wrist shot by Travis Boyd.
3:47 of 1st overtime period - Shot Misses the Net.
3:49 of 1st overtime period - Snap shot by Travis Boyd.
3:49 of 1st overtime period - Goal by Travis Boyd - Rimouski Oceanic : 5 - Worcester Sharks : 6.
Goals for this period are 0 for Rimouski Oceanic vs 1 for Worcester Sharks.
Shots for this period are 0 for Rimouski Oceanic vs 2 for Worcester Sharks.